 Dungeon Crawl Stone Soup version 0.26-a0-1053-gaff5f71418 (webtiles) character file.

Game seed: 17694769722466357289

129 stormannn the Ducker (level 4, -9/24 HPs)
             Began as a Deep Elf Venom Mage on Dec 12, 2020.
             Mangled by Sigmund
             ... wielding a +0 scythe
              (13 damage)
             ... on level 2 of the Dungeon.
             The game lasted 00:03:20 (2093 turns).

stormannn the Ducker (Deep Elf Venom Mage)          Turns: 2093, Time: 00:03:20

Health: -9/24      AC:  6    Str:  5    XL:     4   Next: 88%
Magic:  9/12       EV: 14    Int: 21    God:
Gold:   117        SH:  0    Dex: 15    Spells: 10/11 levels left

rFire    . . .     SeeInvis .   d - +0 dagger
rCold    . . .     Faith    .   (no shield)
rNeg     . . .     Spirit   .   a - +0 robe
rPois    .         Reflect  .   f - +0 helmet
rElec    .         Harm     .   (no cloak)
rCorr    .         Rampage  .   i - +2 pair of gloves
Will     .....                  (no boots)
Stlth    +.........             (no amulet)
HPRegen  0.08/turn              (no ring)
MPRegen  0.13/turn              (no ring)

@: confused, very slightly contaminated
A: no striking features
a: no special abilities


You were on level 2 of the Dungeon.
You visited 1 branch of the dungeon, and saw 2 of its levels.

You collected 117 gold pieces.

Inventory:

Hand Weapons
 d - a +0 dagger (weapon)
Armour
 a - a +0 robe (worn)
 c - a +0 pair of gloves
 f - a +0 helmet (worn)
 i - a +2 pair of gloves (worn)
Wands
 o - a wand of polymorph (1)
 q - a wand of iceblast (8)
Scrolls
 b - 2 scrolls of teleportation {unknown}
 e - 2 scrolls of remove curse {unknown}
 h - a scroll of immolation {unknown}
 j - a scroll of enchant weapon {unknown}
 k - 4 scrolls of identify {unknown}
 l - a scroll of fog {unknown}
 p - a scroll of fear {unknown}
Potions
 g - a potion of degeneration {unknown}
 m - a potion of cancellation {unknown}
 n - a potion of haste {unknown}


   Skills:
 * Level 4.2 Dodging
 - Level 2.4 Stealth
 + Level 4.1 Spellcasting
 + Level 2.4 Transmutations
 + Level 4.0 Poison Magic


You had 10 spell levels left.
You knew the following spells:

 Your Spells              Type           Power        Failure   Level
a - Sting                 Tmut/Pois      ###.         3%          1

Your spell library contained the following spells:

 Spells                   Type           Power        Failure   Level
 Poisonous Vapours        Pois/Air       ##....       8%          2
 Ignite Poison            Fire/Tmut/Pois ##......     14%         3
 Mephitic Cloud           Conj/Pois/Air  ##......     21%         3
 Olgreb's Toxic Radiance  Pois           ###.....     22%         4


Dungeon Overview and Level Annotations

Branches:
Dungeon (2/15)

Altars:

Annotations:
D:2 Sigmund


Message History

Aim: Sigmund, wielding a +0 scythe and wearing a +0 robe (heavily wounded, poisoned, 29% to evade)
The sting misses Sigmund.
Casting: Sting (safe; 3% risk of failure)
Confirm with . or Enter, or press ? or * to list all spells.
Aiming: Sting (safe; 3% risk of failure)
Press: ? - help, Shift-Dir - straight line, f/p - Sigmund
Aim: Sigmund, wielding a +0 scythe and wearing a +0 robe (heavily wounded, poisoned, 29% to evade)
You miscast Sting.
You are very lightly contaminated with residual magic.
Nothing appears to happen.
Sigmund looks more healthy.
Sigmund looks at you with fury.
Sigmund points at you and mumbles some strange words.
You are confused.
You bump into the rock wall.
You're too confused to cast spells.
You bump into the rock wall.
Sigmund hits you from afar with a +0 scythe!
Ouch! That really hurt!
You die...

#############################
##...........@.@......)......#
#.....######################.#
#.....# #.....# #.....# #.#
#.....# #.# #.....#### ##.#
#........######### #...
##.#.....##......######## #...


You could see Sigmund.

Vanquished Creatures
  Natasha (thrice) (D:2)
  2 oozes (D:1)
  2 dart slugs (D:1)
  A leopard gecko (D:1)
  8 bats
  3 giant cockroaches
  4 goblins
  6 hobgoblins
  2 jackals (D:1)
  A kobold (D:2)
  A quokka (D:2)
  4 frilled lizards
  5 rats (D:1)
42 creatures vanquished.

Notes
Turn   | Place    | Note
-------+----------+-------------------------------------------
     0 | D:1      | stormannn the Deep Elf Venom Mage began the quest for the
                  | Orb.
     0 | D:1      | Reached XP level 1. HP: 10/10 MP: 6/6
   187 | D:1      | Reached XP level 2. HP: 15/15 MP: 6/8
   843 | D:1      | Reached XP level 3. HP: 19/19 MP: 7/9
  1458 | D:2      | Noticed Natasha
  1466 | D:2      | Killed Natasha
  1467 | D:2      | Reached XP level 4. HP: 24/24 MP: 7/11
  1790 | D:2      | Noticed Natasha
  1803 | D:2      | Killed Natasha
  1910 | D:2      | Noticed Natasha
  1926 | D:2      | Killed Natasha
  2066 | D:2      | Noticed Sigmund
  2093 | D:2      | Mangled by Sigmund

Illustrated notes

Levels and vault maps discovered:
D:1:      shiori_arrival_maze, layout_basic
D:2:      kennysheep_six_static_rooms, layout_basic, general_overflow_altar,
          uniq_natasha, uniq_sigmund

Skill      XL: |  1  2  3  4 |
---------------+-------------+-----
Dodging        | 3 4 |  4.2
Transmutations | 2 |  2.4
Spellcasting   | 4 |  4.1
Poison Magic   | 4 |  4.0
Stealth        | |  2.4

Action                   |  1- 3 |  4- 6 || total
-------------------------+-------+-------++-------
Melee: Dagger            |     3 |     1 ||     4
       Unarmed           |       |     9 ||     9
 Cast: Sting             |    54 |    22 ||    76
Armor: Robe              |    12 |     1 ||    13
       Skin              |       |     1 ||     1
Dodge: Dodged            |    15 |    12 ||    27

Table legend: (Time is in decaauts)
 A = Elapsed time spent in this place.
 B = Non-inter-level travel time spent in this place.
 C = Inter-level travel time spent in this place.
 D = Time resting spent in this place.
 E = Time spent auto-exploring this place.
 F = Levels seen in this place.
 G = Mean time per level.
                   A        B        C        D        E       F      G
               +--------+--------+--------+--------+--------+-----+--------+
         Total |   2091 |   2075 |     16 |    341 |   1367 |   2 | 1045.5 |
       Dungeon |   2091 |   2075 |     16 |    341 |   1367 |   2 | 1045.5 |
               +--------+--------+--------+--------+--------+-----+--------+

Top non-repeatable levels by time:
     D:1: 1283 daAuts
     D:2: 807 daAuts
